 Dungeon Crawl Stone Soup version 0.32-a0-612-g1c984fe9d1 (webtiles) character file.

Game seed: 9026480152455124417

473 Juicyj the Ruffian (level 6, -10/59 HPs)
             Began as a Troll Shapeshifter on Mar 4, 2024.
             Was a Follower of the Shining One.
             Mangled by a gnoll sergeant
             ... wielding a +0 vampiric trident
              (13 damage)
             ... on level 4 of the Dungeon.
             The game lasted 00:05:10 (2573 turns).

Juicyj the Ruffian (Troll Shapeshifter)             Turns: 2573, Time: 00:05:13

Health: -10/59     AC:  4    Str: 25    XL:     6   Next: 83%
Magic:  0/5        EV: 11    Int:  6    God:    the Shining One [*.....]
Gold:   189        SH:  0    Dex: 15    Spells: 5/5 levels left

rFire   . .          .
                       - Unarmed
rCold   . . .        (no shield)
rNeg    . . .        a - +0 animal skin
rPois   .            (helmet currently unavailable)
rElec   .            m - melded +1 cloak
rCorr   .            (gloves unavailable)
SInv    +            (boots unavailable)
Will    .....        s - amulet of guardian spirit
Stlth   +            h - +6 ring of dexterity
HPRegen 1.09/turn    k - ring of see invisible
MPRegen 0.09/turn

%: guardian spirit
@: about to teleport, beast-form, glowing
A: beast (slay +2), large, unfitting armour, claws 3, regeneration 1, shaggy fur
1, tough skin 1
a: Begin Untransformation, Renounce Religion, Divine Shield


You were on level 4 of the Dungeon.
You worshipped the Shining One.
The Shining One was aware of your devotion.
You were a hulking beast.
You visited 1 branch of the dungeon, and saw 4 of its levels.

You collected 189 gold pieces.

Inventory:

Armour
 a - a +0 animal skin (worn)
 m - a +1 cloak (melded)
Jewellery
 h - a +6 ring of dexterity (left claw)
 j - a ring of ice
 k - a ring of see invisible (right claw)
 s - an amulet of guardian spirit (around neck)
Talismans
 c - a beast talisman (active)
 d - a flux talisman
Scrolls
 e - 2 scrolls of enchant armour {unknown}
 f - a scroll of fog {unknown}
 g - a scroll of poison {unknown}
 l - 8 scrolls of identify {unknown}
 p - a scroll of vulnerability {unknown}
 r - a scroll of acquirement {unknown}
Potions
 b - a potion of lignification
 n - a potion of might {unknown}
 o - a potion of resistance {unknown}
 t - a potion of heal wounds {unknown}
 u - 2 potions of berserk rage {unknown}


   Skills:
 + Level 2.8 Fighting
 + Level 3.3 Dodging
 + Level 4.6 Unarmed Combat
 + Level 4.4 Shapeshifting


You had 5 spell levels left.
You didn't know any spells.
Your spell library contained the following spells:

 Spells                   Type           Power      Damage    Failure   Level
 Ensorcelled Hibernation  Hex/Ice        0%         N/A       58%         2
 Static Discharge         Conj/Air       0%         3-3/arc   58%         2
 Passwall                 Erth           0%         N/A       83%         3
 Swiftness                Air            0%         N/A       83%         3
 Airstrike                Air            0%         2d(0-16)  99%         4
 Summon Lightning Spire   Summ/Air       0%         N/A       99%         4


Dungeon Overview and Level Annotations

Branches:
Dungeon (4/15)
 Temple: D:4-7

Altars:
Fedhas
Makhleb
Nemelex Xobeh
The Shining One

Shops:
D:1 :


Innate Abilities, Weirdness & Mutations

You are a hulking beast.
Your limbs bulge with bestial killing power. (Slay +2)
You are too large for most types of armour.
You have claws for hands.
Your natural rate of healing is unusually fast.
You are covered in fur. (AC +1)
You have tough skin. (AC +1)


Message History

The gnoll hits you from afar with a +0 spear.
The gnoll hits you from afar with a +0 halberd.
You claw the endoplasm!
You kill the endoplasm!
The gnoll sergeant hits you from afar with a +0 vampiric trident.
The gnoll barely misses you.
The gnoll hits you from afar with a +0 spear!
The gnoll hits you but does no damage.
You are too injured to fight recklessly!
Unknown command.
The gnoll sergeant attacks as it pursues you!
The gnoll sergeant hits you from afar with a +0 vampiric trident.
The gnoll attacks as it pursues you! The gnoll hits you but does no damage.
The gnoll barely misses you. The gnoll attacks as it pursues you!
The gnoll misses you.
You claw the gnoll!
The gnoll is almost dead.
The gnoll misses you. The gnoll completely misses you.
A gnoll comes into view. It is wielding a +0 spear.
The gnoll sergeant hits you from afar with a +0 vampiric trident!
* * * LOW HITPOINT WARNING * * *
The gnoll hits you from afar with a +0 halberd.
* * * LOW HITPOINT WARNING * * *
As you read the scroll labelled MOIRIY UDUTS, it crumbles to dust.
You feel strangely unstable.
It was a scroll of teleportation.
The gnoll shouts!
You hear a shout!
The gnoll hits you from afar with a +0 spear.
The Shining One protects you from harm! The gnoll hits you with a +0 spear.
* * * LOW HITPOINT WARNING * * *
The gnoll sergeant hits you from afar with a +0 vampiric trident.
The Shining One protects you from harm! The gnoll closely misses you.
It was a potion of curing.
You feel better. The gnoll misses you.
The gnoll hits you from afar with a +0 spear.
* * * LOW HITPOINT WARNING * * *
The gnoll hits you with a +0 spear.
* * * LOW HITPOINT WARNING * * *
The gnoll sergeant hits you from afar with a +0 vampiric trident!
You die...

### ############## #~~~
#.....#..#...###~~~~
....................
....................
######................~~.
....#########..##gg..~..~
....##...####..##.g..~...
.........#......hg†..$~~⌠
.........'.......g.....⌠~
....##...#......#(..~~...
....##...#......#..~..~~.
....##...##.....#..~.?..~
....##...##.....#g..~~...
.....#.........##....~~?.
######.........# .###~~~
....##.........#


You could see a gnoll sergeant and 5 gnolls.

Vanquished Creatures
  2 black bears (D:4)
  A centaur (D:4)
  2 orc wizards
  A gnoll (D:4)
  7 adders
  A dart slug (D:4)
  4 ribbon worms
  9 orcs
  4 bats
  7 endoplasms
  6 giant cockroaches
  3 goblins (D:2)
  5 hobgoblins
  3 jackals (D:3)
  3 quokkas
  7 ball pythons
  A frilled lizard (D:2)
  6 kobolds
  4 rats
76 creatures vanquished.

Notes
Turn   | Place    | Note
-------+----------+-------------------------------------------
     0 | D:1      | Juicyj the Troll Shapeshifter began the quest for the Orb.
     0 | D:1      | Reached XP level 1. HP: 18/18 MP: 0/0
    89 | D:1      | Found Emikomu's Book Emporium.
   155 | D:1      | Reached skill level 1 in Fighting
   262 | D:1      | Reached XP level 2. HP: 27/27 MP: 1/1
   727 | D:2      | Found a faded altar of an unknown god.
   797 | D:2      | Reached XP level 3. HP: 33/33 MP: 2/2
   838 | D:2      | Prayed at the altar of an unknown god.
   838 | D:2      | Became a worshipper of the Shining One
   838 | D:2      | Reached * piety under the Shining One
  1175 | D:2      | Reached XP level 4. HP: 41/41 MP: 3/3
  1391 | D:3      | Found a blossoming altar of Fedhas.
  1774 | D:3      | Found a burning altar of Makhleb.
  1909 | D:3      | Found a sparkling altar of Nemelex Xobeh.
  1968 | D:3      | Reached XP level 5. HP: 47/49 MP: 4/4
  2376 | D:4      | Found the +6 Majin-Bo {spellvamp, MP+6 Int+6}
  2450 | D:4      | Noticed a centaur
  2451 | D:4      | Noticed a black bear
  2456 | D:4      | Killed a black bear
  2457 | D:4      | Reached XP level 6. HP: 29/59 MP: 2/5
  2572 | D:4      | The Shining One protects you from harm!
  2572 | D:4      | HP: 2/59 [gnoll/+0 spear (3)]
  2572 | D:4      | The Shining One protects you from harm!
  2573 | D:4      | Mangled by a gnoll sergeant

Illustrated notes

Levels and vault maps discovered:
D:1:      dpeg_arrival_stone_temple_mockup, layout_basic, serial_shops, shop,
          hangedman_abyss_or_decor_lesser_grid, grunt_decor_one_mirror
D:2:      layout_loops_cross, chequers_ecumenical_altar_twisty, minmay_bisected
D:3:      layout_basic, marbit_many_paths, mainiacjoe_overflow_boulevard,
          mainiacjoe_overflow_tiny_flanked
D:4:      cheibrodos_helix_gallery, layout_gridville,
          mainiacjoe_overflow_alcove_2, grunt_temple_overflow_diamond

Skill      XL: |  1  2  3  4  5 |
---------------+----------------+-----
Fighting       | 1 2 |  2.8
Dodging        | 2 3 |  3.3
Unarmed Combat | 4 |  4.6
Shapeshifting  | 4 |  4.4

Action                     |  1- 3 |  4- 6 || total
---------------------------+-------+-------++-------
  Melee: Unarmed           |    63 |    88 ||   151
         Punch             |       |     4 ||     4
Ability: Begin Untransform |     1 |       ||     1
    Use: Scroll            |       |     1 ||     1
         Potion            |       |     1 ||     1
   Stab: Sleeping          |     1 |       ||     1
 Armour: Animal skin       |    28 |    89 ||   117
  Dodge: Dodged            |    26 |    69 ||    95
   Form: Beast             |     1 |     1 ||     2
                           |     1 |       ||     1

Table legend: (Time is in decaauts)
 A = Elapsed time spent in this place.
 B = Non-inter-level travel time spent in this place.
 C = Inter-level travel time spent in this place.
 D = Time resting spent in this place.
 E = Time spent auto-exploring this place.
 F = Levels seen in this place.
 G = Mean time per level.
                   A        B        C        D        E       F      G
               +--------+--------+--------+--------+--------+-----+--------+
         Total |   2560 |   2434 |    126 |      0 |   2034 |   4 |  640.0 |
       Dungeon |   2560 |   2434 |    126 |      0 |   2034 |   4 |  640.0 |
               +--------+--------+--------+--------+--------+-----+--------+

Top non-repeatable levels by time:
     D:3: 927 daAuts
     D:2: 784 daAuts
     D:1: 600 daAuts
     D:4: 248 daAuts
